 Dungeon Crawl Stone Soup version 0.21-a0-633-g4c047d5f35 (webtiles) character file.

310 RaHiT the Magician (level 6, -5/32 HPs)
             Began as a Kobold Summoner on Dec 28, 2017.
             Was a Follower of Fedhas.
             Shot with an arrow by a centaur (11 damage)
             ... on level 5 of the Dungeon.
             The game lasted 00:29:57 (4598 turns).

RaHiT the Magician (Kobold Summoner)                Turns: 4598, Time: 00:29:58

Health: -5/32      AC:  3    Str:  4 (5)  XL:     6   Next: 70%
Magic:  9/14       EV: 16    Int: 15 (18) God:    Fedhas [*.....]
Gold:   287        SH:  0    Dex: 15 (16) Spells: 11/16 levels left

rFire    . . .     SeeInvis .   j - +0 spear
rCold    . . .     Gourm    .   (shield restricted)
rNeg     . . .     Faith    .   a - +0 robe
rPois    .         Spirit   .   C - +0 helmet
rElec    .         Reflect  .   (no cloak)
rCorr    .         Harm     .   (no gloves)
MR       .....     Rnd*Tele +   (no boots)
Stlth    +.........             f - amulet of inaccuracy (curse)
HPRegen  0.10/turn              d - ring of teleportation (curse)
MPRegen  0.14/turn              (no ring)

@: confused
A: small, carnivore
a: Fungal Bloom, Evolution, Renounce Religion


You were on level 5 of the Dungeon.
You worshipped Fedhas.
Fedhas was aware of your devotion.
You were very full.

You visited 1 branch of the dungeon, and saw 5 of its levels.

You collected 287 gold pieces.

Inventory:

Hand Weapons
 j - a +0 spear (weapon)
 k - a +0 short sword
 E - a +0 blowgun
 H - a +0 hand crossbow
Missiles
 g - 36 poisoned needles
 h - 39 arrows
 i - 31 bolts
 q - 74 stones (quivered)
Armour
 a - a +0 robe (worn)
 z - a cursed +0 ring mail
 C - a +0 helmet (worn)
Jewellery
 d - a cursed ring of teleportation (left hand)
 f - a cursed amulet of inaccuracy (around neck)
Wands
 F - a wand of random effects (24)
 I - a wand of scattershot (6)
Scrolls
 l - a scroll of identify {unknown}
 m - a scroll of remove curse {unknown}
 n - a scroll of enchant weapon {unknown}
 p - a scroll of amnesia {unknown}
 r - a scroll of blinking
 s - a scroll of fear {unknown}
 t - a scroll of teleportation {unknown}
 x - a scroll of enchant armour {unknown}
 y - a scroll of random uselessness {unknown}
 D - a scroll of immolation {unknown}
Potions
 e - a potion of lignification
 o - 2 potions of degeneration
 v - a potion of heal wounds {unknown}
 w - 3 potions of ambrosia {unknown}
 A - 2 potions of agility {unknown}
 B - a potion of curing
 G - a potion of invisibility {unknown}
Books
 b - a book of Callings

   Spells                             Type                      Level
   a - Summon Small Mammal            Summoning                    1
   b - Call Imp                       Summoning                    2
   c - Call Canine Familiar           Summoning                    3
   d - Summon Guardian Golem          Hexes/Summoning              3
   e - Summon Lightning Spire         Summoning/Air                4
   f - Summon Ice Beast               Ice/Summoning                4
 u - a book of Minor Magic

   Spells                             Type                      Level
   a - Magic Dart                     Conjuration                  1
   b - Blink                          Translocation                2
   c - Call Imp                       Summoning                    2
   d - Slow                           Hexes                        2
   e - Conjure Flame                  Conjuration/Fire             3
   f - Mephitic Cloud                 Conjuration/Poison/Air       3
Comestibles
 c - 8 rations


   Skills:
 - Level 3.0 Dodging
 - Level 3.0 Stealth
 + Level 5.9 Spellcasting
 + Level 4.7 Summonings


You had 11 spell levels left.
You knew the following spells:

 Your Spells              Type           Power        Failure   Level  Hunger
a - Summon Small Mammal   Summ           ###.         1%          1    None
b - Call Imp              Summ           ###.....     3%          2    #......
c - Blink                 Tloc           N/A          22%         2    #......


Dungeon Overview and Level Annotations

Branches:
Dungeon (5/15)             Temple (0/1) D:5

Altars:
Fedhas


Innate Abilities, Weirdness & Mutations

You are small and have problems with some larger weapons.
You are carnivorous and can eat meat at any time.


Message History

The centaur shoots an arrow.
The arrow hits you!
* * * LOW HITPOINT WARNING * * *
The centaur shoots an arrow.
The arrow closely misses you. The arrow hits your white imp!
Your white imp dies!
You see here an arrow.
Okay, then.
Casting: Call Imp
Confirm with . or Enter, or press ? or * to list all spells.
You blink.
The orc wizard gestures at you while chanting.
You are confused.
The centaur shoots an arrow.
The arrow barely misses you.
You're too confused!
It was a potion of degeneration.
There was something very wrong with that liquid.
You feel weakened.
You feel dopey.
You feel clumsy.
The centaur shoots an arrow.
The arrow hits you!
You die...
Fedhas appreciates your contribution to the ecosystem.

.###..#.#.#.#.#....#
##............ ..#
#...#.......#... .
#................o
#...#...>...#.....
##'..............#
#.(.#.......#....#
#.............
#..@#(#.#.#.#. ...
#....ยง...o... ...
.......#...#.... ..
........%'...# ..# #
.........#...# .# ..
# .........#c.#.. #
..###
##+###+########.
..... . ..... .....


You could see a centaur and an orc wizard.

Vanquished Creatures
  A worker ant (D:4)
  A worm (D:3)
  A leopard gecko (D:3)
  An orc (D:5)
  2 hobgoblins
  2 jackals (D:3)
  4 frilled lizards
  A rat (D:2)
13 creatures vanquished.

Vanquished Creatures (collateral kills)
  An ogre (D:4)
  A bullfrog (D:3)
  A scorpion (D:5)
  A crimson imp (D:3)
  A bullfrog skeleton (D:5)
  2 hounds (D:4)
  2 worker ants (D:4)
  A hound skeleton (D:5)
  A gnoll (D:1)
  5 adders
  An adder skeleton (D:5)
  6 worms
  A dart slug (D:3)
  3 leopard geckos
  7 orcs
  A giant cockroach (D:3)
  4 goblins
  A hobgoblin (D:2)
  6 jackals
  A quokka (D:3)
  2 ball pythons (D:1)
  4 bats
  3 frilled lizards
  5 kobolds
  A quokka skeleton (D:4)
  A rat (D:2)
63 creatures vanquished.

Vanquished Creatures (others)
  46 toadstools
46 creatures vanquished.

Grand Total: 122 creatures vanquished

Notes
Turn   | Place    | Note
-------+----------+-------------------------------------------
     0 | D:1      | RaHiT the Kobold Summoner began the quest for the Orb.
     0 | D:1      | Reached XP level 1. HP: 10/10 MP: 3/3
   553 | D:1      | Reached XP level 2. HP: 15/15 MP: 1/5
   557 | D:1      | Learned a level 2 spell: Call Imp
  1059 | D:2      | Found a blossoming altar of Fedhas.
  1081 | D:2      | Became a worshipper of Fedhas Madash
  1306 | D:2      | Reached skill level 3 in Spellcasting
  1306 | D:2      | Reached XP level 3. HP: 19/19 MP: 1/7
  1885 | D:3      | Noticed a bullfrog
  1896 | D:3      | Killed a bullfrog
  1896 | D:3      | Reached skill level 4 in Spellcasting
  1896 | D:3      | Reached XP level 4. HP: 19/24 MP: 0/10
  2348 | D:3      | Reached XP level 5. HP: 18/28 MP: 12/12
  2556 | D:3      | Learned a level 2 spell: Blink
  2700 | D:3      | Reached * piety under Fedhas
  3246 | D:4      | Reached skill level 5 in Spellcasting
  3396 | D:4      | Noticed an ogre
  3417 | D:4      | Killed an ogre
  3417 | D:4      | Reached XP level 6. HP: 18/32 MP: 4/14
  4356 | D:5      | Entered Level 5 of the Dungeon
  4525 | D:5      | Found a staircase to the Ecumenical Temple.
  4598 | D:5      | Shot with an arrow by a centaur

Vault maps used:
D:1:      roderic_crop_circles_arrival_large
D:2:      fedhas_altar_2
D:3:      first_ration
D:5:      minmay_temple_entry_glass, serial_shops, shop, kennysheep_boxes

Skill      XL: |  1  2  3  4  5 |
---------------+----------------+-----
Stealth        | 3 |  3.0
Dodging        | 3 |  3.0
Spellcasting   | 3 4 5 |  5.9
Summonings     | |  4.7

Action                   |  1- 3 |  4- 6 || total
-------------------------+-------+-------++-------
Melee: Unarmed           |    12 |       ||    12
       Spear             |    54 |    98 ||   152
Throw: Stone             |    12 |     5 ||    17
 Cast: Summon Small Mamm |    15 |       ||    15
       Call Imp          |    19 |    64 ||    83
       Blink             |       |     1 ||     1
Invok: Fungal Bloom      |     5 |    16 ||    21
  Use: Potion            |     1 |     2 ||     3
       Scroll            |       |     1 ||     1
 Stab: Sleeping          |     3 |       ||     3
       Distracted        |       |     1 ||     1
  Eat: Chunk             |    11 |     9 ||    20
Armor: Robe              |     8 |    15 ||    23
Dodge: Dodged            |    63 |    98 ||   161

Table legend:
 A = Spawn XP
 B = Non-spawn XP
 C = Spawn XP percentage of total XP
 D = Spawn monster count
 E = Non-spawn monster count
 F = Spawn count percentage of total count
 G = Total turns spent on level
                    A         B        C        D         E        F      G
               +---------+---------+-------+---------+---------+-------+---------
         Total |       0 |     444 |   0.0 |       0 |      76 |   0.0 |  4598
               +---------+---------+-------+---------+---------+-------+---------
           D:1 |       0 |      17 |   0.0 |       0 |       9 |   0.0 |   952
           D:2 |       0 |      39 |   0.0 |       0 |      18 |   0.0 |  1245
           D:3 |       0 |     119 |   0.0 |       0 |      25 |   0.0 |   917
           D:4 |       0 |     194 |   0.0 |       0 |      16 |   0.0 |  1268
           D:5 |       0 |      75 |   0.0 |       0 |       8 |   0.0 |   216
               +---------+---------+-------+---------+---------+-------+---------
